[Event "Vezerkepzo GM May 2022"]
[Site "Budapest"]
[Date "2022.05.18"]
[Round "1.1"]
[White "Karavade, Eesha"]
[Black "Turzo, Attila"]
[Result "1/2-1/2"]
[ECO "D11"]
[WhiteElo "2348"]
[BlackElo "2338"]
[Annotator "TA"]
[PlyCount "102"]
[EventDate "2022.05.18"]
[EventType "tourn"]
[EventCountry "HUN"]
[SourceTitle "playchess.com"]
[Source "ChessBase"]
[SourceQuality "1"]
[TimeControl "5400+30"]

1. d4 d5 2. c4 c6 3. Nf3 Nf6 4. g3 Bf5 5. Bg2 e6 6. Nc3 h6 7. O-O Be7 8. Nd2 O-O 9. e4 dxe4 10. Ndxe4 Nbd7 11. Qb3 {[%emt 0:08:05] D11: Slav Defence: 3 Nf3 sidelines and 3...Nf6 4 e3 Bg4.} Qb6 12. Qxb6 Nxb6 13. b3 Rad8 {[%emt 0:00:14] [#]} 14. Rd1 $146 (14. Nc5 $5 ) ({Predecessor:} 14. Be3 Ng4 15. Rad1 Nxe3 16. fxe3 Bb4 17. Ne2 Nd7 18. h3 Bh7 19. N4c3 Nf6 20. e4 {0-1 (84) Wang,J (1939)-Doknjas,J (2197) Sault Ste Marie 2017}) 14... Nbd7 15. Be3 a6 16. h3 Ba3 17. Rf1 Rfe8 18. Rad1 Bb4 19. Bf4 Nxe4 20. Nxe4 Bxe4 21. Bxe4 Nf6 22. Bf3 Bd6 23. Be3 Rd7 24. Kg2 Red8 25. Rb1 Bb4 26. Rfc1 {[%emt 0:00:02] Against Bc3} Ba5 27. b4 Bb6 28. c5 Bc7 29. a4 Nd5 30. b5 axb5 31. axb5 (31. Bxd5 {looks sharper.} Rxd5 32. axb5 e5 33. dxe5 Bxe5 34. Rc4) 31... e5 32. bxc6 bxc6 33. Bxd5 Rxd5 34. dxe5 Bxe5 35. Rb6 Rc8 $1 36. Rc4 Rd7 37. Ra4 f5 38. Raa6 Rdc7 $1 39. Rb3 Kf7 40. Rd3 Ke6 41. f4 Bf6 42. Rd6+ Kf7 43. g4 Be7 44. Rd3 g6 45. Kf3 Ke6 46. Rb3 Kd5 47. Ra4 Ke6 48. Ra6 Rd7 49. Rbb6 Rdc7 (49... Rd3 $5 ) 50. Rb3 Rd7 51. Rbb6 Rdc7 {[%emt 0:00:07] Weighted Error Value: White=0.07 (flawless) /Black=0.05 (flawless)} (51... Rd3 $5 ) 1/2-1/2

[Event "Vezerkepzo GM May 2022"]
[Site "Budapest"]
[Date "2022.05.18"]
[Round "1.4"]
[White "Fule, Simon"]
[Black "Tancsa, Tamas"]
[Result "1-0"]
[ECO "C45"]
[WhiteElo "2297"]
[BlackElo "2091"]
[Annotator "TA"]
[PlyCount "47"]
[EventDate "2022.05.18"]
[EventType "tourn"]
[EventCountry "HUN"]
[SourceTitle "playchess.com"]
[Source "ChessBase"]
[SourceQuality "1"]
[TimeControl "5400+30"]

1. e4 e5 2. Nf3 Nc6 3. d4 exd4 4. Nxd4 Nf6 5. Nxc6 bxc6 6. e5 Qe7 7. Qe2 Nd5 8. h4 f6 {[%emt 0:02:13] C45: Scotch Game.} 9. c4 Ba6 10. Rh3 O-O-O {[%emt 0:04:36] Black is slightly better.} 11. Ra3 Nb4 12. Ra4 {[%emt 0:00:12] [#] Hoping for a3.} d5 $2 {[%emt 0:02:57] This move loses the game for Black.} (12... fxe5 $2 13. a3 d5 14. axb4 $18) (12... Qxe5 $11 13. Qxe5 fxe5) 13. a3 $18 Bxc4 14. Qg4+ Rd7 15. axb4 {[%emt 0:00:13] Dancing on a razor blade.} Qxe5+ 16. Be3 {[%emt 0:00:16] [#]} Bb3 $146 (16... f5 17. Qf3 Bb3) ({Predecessor:} 16... f5 17. Qf3 Bb5 18. Bxb5 cxb5 19. Rxa7 Bxb4+ 20. Kf1 Rdd8 21. Nc3 Bxc3 22. bxc3 {1-0 (22) Zilka,S (2534)-Vittorino,C (2252) Pardubice 2019}) 17. Rxa7 {[%emt 0:16:52] Ra8+ would kill now.} d4 18. Ra8+ Kb7 19. R1a7+ Kb6 20. Qxd7 (20. Ra6+ $142 Kb7 21. Qxd7 Bxb4+ {[#]} 22. Nc3 $1 Qc5 23. Bxd4 Bxc3+ 24. bxc3 Re8+ 25. Rxe8 Qe7+ 26. Rxe7 Bc4 27. Bxc4 h6 28. Qxc7#) 20... Bxb4+ {[%emt 0:03:44] White is clearly winning.} 21. Nc3 {[%emt 0:05:34] Intending Ra6+ and mate.} Rxa8 22. Qxd4+ (22. Rxa8 $142 Bd5 23. Re8 dxe3 24. Rxe5 fxe5 25. fxe3) 22... Qxd4 23. Bxd4+ c5 24. Bxc5+ {[%emt 0:00:08] Weighted Error Value: White=0.13 (very precise) /Black=0.95} 1-0

[Event "Vezerkepzo GM May 2022"]
[Site "Budapest"]
[Date "2022.05.18"]
[Round "1.5"]
[White "Dudin, Gleb"]
[Black "Berczes, David"]
[Result "1-0"]
[ECO "E11"]
[WhiteElo "2473"]
[BlackElo "2437"]
[Annotator "TA"]
[PlyCount "49"]
[EventDate "2022.05.18"]
[EventType "tourn"]
[EventCountry "HUN"]
[SourceTitle "playchess.com"]
[Source "ChessBase"]
[SourceQuality "1"]
[TimeControl "5400+30"]

1. d4 Nf6 2. c4 e6 3. Nf3 Bb4+ 4. Bd2 a5 5. a3 Bxd2+ 6. Qxd2 O-O 7. Nc3 {[%emt 0:00:07] E11: Bogo-Indian.} d6 {[%emt 0:06:56] 7...d5 is the fancy move.} 8. e4 Nc6 9. Rd1 {[%emt 0:02:08] White is slightly better.} Qe7 10. Be2 e5 11. dxe5 Nxe5 12. Nd4 Ng6 13. f3 {[%emt 0:04:03] [#]} Nh5 $146 ({Predecessor:} 13... Bd7 14. O-O Qe5 15. g3 Qc5 16. Kg2 Rfe8 17. Nc2 Qh5 18. Rfe1 Rac8 19. Ne3 Ne5 {1-0 (41) Antonov,V (2344)-Palmateer,C (2269) ICCF email 2016}) 14. O-O Ngf4 15. Rfe1 Qg5 {[%emt 0:14:49] [#]} (15... Nxe2+ $142 16. Rxe2 (16. Ncxe2 Be6 $14) (16. Qxe2 Bd7 $16) 16... Be6) 16. Bf1 $1 $16 c6 (16... h6 $16 17. Nd5 Nxd5) 17. Kh1 Qh4 $2 {[%emt 0:00:48] A mistake that costs the game.} (17... g6 $16 {was worth a try.} 18. Nde2 Qf6) 18. g4 $18 Bxg4 19. fxg4 Qxg4 20. Qf2 {[%emt 0:00:46] Nf5 is the strong threat.} Rae8 (20... g6 $142 21. Be2 Nxe2) 21. Nf5 d5 (21... Re6 $142 22. Nxd6 b6) 22. cxd5 cxd5 23. Bb5 Nh3 {[%emt 0:00:53][%cal Rh3f2] [#]} 24. Qg2 Re5 (24... Qxg2+ $142 25. Kxg2 N3f4+ 26. Kf1 Re5 27. Nxd5 Nxd5 28. Rxd5 Re6) 25. Nh6+ {[%emt 0:00:10] Weighted Error Value: White=0.17 (very precise) /Black=0.52} 1-0

[Event "Vezerkepzo GM May 2022"]
[Site "Budapest"]
[Date "2022.05.19"]
[Round "2.1"]
[White "Turzo, Attila"]
[Black "Berczes, David"]
[Result "0-1"]
[ECO "B13"]
[WhiteElo "2338"]
[BlackElo "2437"]
[Annotator "TA"]
[PlyCount "72"]
[EventDate "2022.05.18"]
[EventType "tourn"]
[EventCountry "HUN"]
[SourceTitle "playchess.com"]
[Source "ChessBase"]
[SourceQuality "1"]
[TimeControl "5400+30"]

1. e4 c6 2. d4 d5 3. exd5 cxd5 4. Bd3 Nc6 5. c3 e5 6. dxe5 Nxe5 7. Nf3 {[%emt 0:02:02] B13: Caro-Kann: Exchange Variation and Panov-Botvinnik Attack.} Nxd3+ 8. Qxd3 Nf6 9. O-O {[%emt 0:03:51] White is slightly better.} Be7 10. Bg5 O-O 11. Nbd2 h6 12. Bxf6 Bxf6 13. h3 Be6 14. Nb3 Qb6 {[%emt 0:03:15] [#]} 15. Qd2 $146 ({Predecessor:} 15. Rfe1 Rfe8 16. Qe3 Qxe3 17. Rxe3 Bf5 18. Rxe8+ Rxe8 19. Re1 Rxe1+ 20. Nxe1 Kf8 21. Nf3 {½-½ (30) Czebe,A (2426)-Ilincic,Z (2411) Budapest 2018}) 15... Rfe8 16. Nbd4 Bd7 17. Qc2 a5 18. Rad1 Qc5 19. Rd2 Qc4 20. a3 Re4 21. Qc1 Rae8 22. Rfd1 Qc8 {[%emt 0:00:52][%cal Od7h3] And now ...Bxh3! would win.} 23. Kh2 (23. Rd3 $11 {remains equal.}) 23... Bd8 $17 {[%emt 0:00:40][%cal Bf6d8,Bd8c7,Bc7f4][%mdl 32] Black is more active.} 24. Rd3 {[%emt 0:21:47] [#]} Bc7+ $1 ({Inferior is} 24... Ba4 25. Nd2 $15) 25. g3 $2 (25. Kg1 {keeps fighting.}) 25... Bxh3 $19 {[%emt 0:00:29] Threatens to win with ...Qg4.} 26. Kg1 (26. Re1 $142 Bg4 27. Rde3) 26... Qg4 {[%emt 0:01:09][%cal Oc7g3] ( -> ...Bxg3!)} 27. Nh2 Qg6 28. Nb5 Bf4 {[%emt 0:00:36] A strong pair of Bishops.} 29. Qa1 {[%emt 0:00:35] [#]} Be3 $1 {[%emt 0:00:58][%mdl 512] Black mates.} 30. Nf1 {[%emt 0:00:44] [#]} (30. Rxe3 Rxe3) 30... Bxf2+ $1 31. Kxf2 Re2+ 32. Kg1 Qe4 33. Ne3 Rg2+ 34. Kh1 Rxb2+ 35. Kg1 Rg2+ 36. Kh1 Ra2+ {[%emt 0:00:04] Weighted Error Value: White=0.72/Black=0.06 (flawless)} 0-1

[Event "Vezerkepzo GM May 2022"]
[Site "Budapest"]
[Date "2022.05.19"]
[Round "2.2"]
[White "Tancsa, Tamas"]
[Black "Dudin, Gleb"]
[Result "0-1"]
[ECO "B33"]
[WhiteElo "2091"]
[BlackElo "2473"]
[Annotator "TA"]
[PlyCount "116"]
[EventDate "2022.05.18"]
[EventType "tourn"]
[EventCountry "HUN"]
[SourceTitle "playchess.com"]
[Source "ChessBase"]
[SourceQuality "1"]
[TimeControl "5400+30"]

1. e4 c5 2. Nf3 Nc6 3. d4 cxd4 4. Nxd4 Nf6 5. Nc3 e5 6. Ndb5 d6 7. Nd5 Nxd5 8. exd5 Nb8 9. a4 Be7 10. Be2 O-O 11. O-O Nd7 12. Be3 {[%emt 0:00:37] 12.Bd2 gains popularity.} a6 {[%emt 0:03:08] B33: Sicilian: Pelikan and Sveshnikov Variations.} 13. Na3 f5 14. f4 exf4 {[%emt 0:01:54] The position is equal.} 15. Bxf4 Nc5 16. Nc4 a5 17. c3 b6 18. Qc2 {[%emt 0:03:12] [#]} Qc7 $146 ({Predecessor:} 18... Ba6 19. Be3 g6 20. b4 Bxc4 21. Bxc4 Ne4 22. Bd3 Bg5 23. Bd4 Re8 24. bxa5 bxa5 {½-½ (41) Pasti,A (2222)-Urh,Z (2187) Budapest 2021}) 19. b4 Ne4 20. Be3 Rb8 21. Bd3 Bf6 22. bxa5 ({Of course not} 22. Bxe4 Qxc4 23. Bd3 (23. Bxf5 $2 Bxf5 24. Rxf5 axb4 $17) 23... Qxc3 $17) (22. b5 $11 {remains equal.}) 22... bxa5 $17 23. Bxe4 (23. Rac1 $15) 23... Qxc4 24. Bxf5 Bxf5 25. Rxf5 Rfe8 ({Reject} 25... Qxc3 $6 26. Qxc3 Bxc3 27. Rxf8+ Kxf8 28. Rc1 $11) 26. Bf2 Re2 {[%emt 0:08:50] Black is more active.} 27. Rf4 $1 Qxc3 28. Qxc3 (28. Qxe2 $15 Qxa1+ 29. Be1) 28... Bxc3 29. Rf1 h5 30. Bg3 Be5 $36 {[%emt 0:02:48][%mdl 2048] Black is in control.} 31. Rf5 Bxg3 32. hxg3 {[%emt 0:00:42][%mdl 4096] Endgame KRR-KRR} Rbb2 33. R5f2 Rxf2 34. Rxf2 {[%emt 0:00:05] KR-KR} Rb4 35. Rf4 $2 {[%emt 0:03:45][%mdl 8192] [#]} (35. Re2 $17) 35... Rxf4 $1 36. gxf4 {[%emt 0:00:56] KP-KP} Kf7 37. Kf2 $2 (37. Kh2 $11) 37... Kf6 (37... g5 $142 38. Kg3 Kf6 39. fxg5+ Kxg5 40. Kh3 h4 41. Kh2 Kg4 42. Kg1 Kf5 43. Kh1 Kf4 44. Kg1 Ke4 45. Kh1 Kxd5 46. Kg1 Kd4 47. Kh2 d5 48. g4 hxg3+ 49. Kxg3 Kc3 50. Kf4 d4 51. Kg4 d3 52. Kf3 d2 53. Ke2 Kc2 54. Kf3 d1=Q+ 55. Ke4 Qd6 56. Kf5 Kd2 57. Ke4 Ke2 58. Kf5 Kf3 59. Kg5 Qe6 60. Kh5 Kf4 61. Kh4 Qh6#) 38. Kg3 $1 $19 {[%emt 0:00:05] [#]} Kf5 $2 (38... g5 $1 $19 39. Kf3 gxf4 40. Kxf4 Kg6) 39. Kh4 $1 $11 Kxf4 40. Kxh5 {[%emt 0:00:14] K3P-K3P} Kf5 41. g3 $1 Ke5 42. Kg6 Kxd5 43. Kxg7 {[%emt 0:00:06] KPP-KPP} Kc5 44. g4 d5 45. g5 d4 46. g6 d3 47. Kf6 d2 48. g7 d1=Q 49. g8=Q Qxa4 {[%emt 0:02:17] KQ-KQ} 50. Qg5+ Kc6 {[%emt 0:00:27] ...Qd4+ is the strong threat.} 51. Qg2+ Kb6 {[%emt 0:00:25] ( -> ...Qc6+)} 52. Qf2+ Ka6 53. Ke5 $1 Qc4 {[%emt 0:00:31] Strongly threatening ...a4.} 54. Kf6 $2 (54. Qd4 $11 {and White has nothing to worry.} Kb5 55. Qb2+ Kc5 56. Qf2+ Kb4 57. Qb2+ Kc5 58. Qf2+ Kb5 59. Qb2+ Kc6 60. Qd4) 54... a4 $19 {[%emt 0:00:29] Threatens to win with ...a3.} 55. Qb2 Qc6+ 56. Ke5 $2 (56. Kf5 $19) 56... Qb5+ {[%emt 0:00:09] Black mates.} 57. Qxb5+ Kxb5 58. Kd4 Kb4 {[%emt 0:00:09] Weighted Error Value: White=0.69/Black=0.30} 0-1

[Event "Vezerkepzo GM May 2022"]
[Site "Budapest"]
[Date "2022.05.19"]
[Round "2.3"]
[White "Pacher, Milan"]
[Black "Fule, Simon"]
[Result "1-0"]
[ECO "C55"]
[WhiteElo "2394"]
[BlackElo "2297"]
[Annotator "TA"]
[PlyCount "113"]
[EventDate "2022.05.18"]
[EventType "tourn"]
[EventCountry "HUN"]
[SourceTitle "playchess.com"]
[Source "ChessBase"]
[SourceQuality "1"]
[TimeControl "5400+30"]

1. e4 e5 2. Nf3 Nc6 3. Bc4 Nf6 4. d3 h6 5. Nc3 d6 6. a3 {[%emt 0:00:06] C55: Two Knights: 4 d3, 4 d4 exd4 5 e5 and Max Lange Attack.} g6 7. O-O Bg7 {[%emt 0:02:52] [#]} 8. Ne1 $146 {[%emt 0:00:36] White has an edge.} ({Predecessor:} 8. h3 O-O 9. Be3 Be6 10. Bxe6 fxe6 11. Ne2 Nh5 12. c3 g5 13. d4 Qe8 14. Nh2 Qg6 15. Qb3 exd4 16. cxd4 Qxe4 17. Qxb7 {0-1 (38) Asadli,V (2578)-Kozak,A (2517) Chess.com INT 2021}) 8... g5 9. g3 ({Better is} 9. Nf3 $11) 9... Bh3 $15 10. Ng2 Qd7 11. f3 O-O-O (11... Nd4 {looks sharper.} 12. Be3 O-O-O 13. Qd2 Kb8) 12. b4 Be6 (12... Nd4 $15) 13. b5 Ne7 (13... Nd4 $5 ) 14. a4 d5 15. exd5 Bxd5 (15... Nfxd5 $15 16. Ne4 Bh3) 16. Nxd5 Nfxd5 17. Bb2 Nf5 18. Re1 {[%emt 0:03:40] Inhibits Nfe3.} Rhe8 19. a5 ({White should try} 19. Kh1 $11) 19... Nd4 (19... Bf8 $1 $15 20. g4 (20. Rxe5 $2 Bc5+ 21. d4 Nc3 $19) (20. Bxe5 Bb4 $17) 20... Bc5+ 21. Kh1 Nde3 22. Nxe3 Nxe3) 20. a6 $14 b6 21. Bxd4 exd4 22. Rxe8 $1 Rxe8 23. f4 $1 Rd8 24. fxg5 hxg5 25. Qd2 (25. Qh5 $16) 25... f6 26. Qf2 c6 27. bxc6 ({Don't go for} 27. Qxd4 $2 f5 28. Qf2 Bxa1 $19) 27... Qxc6 28. Re1 {[%emt 0:00:15] Black must now prevent Qf5+.} b5 29. Qf5+ $1 Rd7 $2 {[%emt 0:00:58][%mdl 8192] This costs Black the game.} (29... Qd7 $16 {is more resistant.} 30. Qxd7+ Rxd7 31. Bxb5 Re7) 30. Bb3 Kc7 (30... Nc7 $142 31. Bf7 (31. Re7 Kd8 $14) 31... Qxc2) 31. Re6 $18 Qc5 32. h4 Bf8 33. hxg5 {[%emt 0:02:17] Chess con chili.} fxg5 34. Qe5+ Rd6 $2 (34... Bd6 35. Qxd5 Qxd5 36. Bxd5 Bxg3) 35. Rxd6 ({But not} 35. Re8 Bh6 36. Re6 Kc6 $18) 35... Bxd6 36. Qxd5 {[%emt 0:00:09] Threatens to win with Qb7+.} Qxd5 37. Bxd5 Bxg3 38. Kf1 Kb6 {[%emt 0:00:47] [#]} 39. Bb7 Kc5 40. Ne1 Bf4 $2 (40... g4 41. Bc8 Kb6) 41. Ke2 Kb4 (41... g4 $142 42. Bc8 Kb6) 42. Nf3 Kc3 43. Kd1 g4 44. Ng1 {[%emt 0:00:04] aiming for Ne2+.} Be5 45. Ne2+ Kb4 46. Nc1 Kc5 47. Nb3+ Kb6 $2 (47... Kb4 48. Nc1 Ka4) 48. Ke2 b4 49. Nd2 {[%emt 0:00:38] Threatening mate with Nc4+.} Kb5 50. Ne4 Ka4 51. Bd5 {[%emt 0:00:47] Hoping for Bc4.} Ka3 52. Nf2 (52. Bb3 $142 Kb2 53. Nf2 g3 54. Ne4 Bf4 55. Kf3 g2 56. Kxg2 Bc7 57. Kf3) 52... g3 53. Ne4 {[%emt 0:00:45] Bb3 would kill now.} Kb2 {[%emt 0:00:52] [#]} 54. Bb3 $1 Kc1 55. Kf3 g2 56. Kxg2 Kd1 57. Kf3 {[%emt 0:00:15] Weighted Error Value: White=0.29 (precise) /Black=0.50} 1-0

[Event "Vezerkepzo GM May 2022"]
[Site "Budapest"]
[Date "2022.05.19"]
[Round "2.5"]
[White "Karavade, Eesha"]
[Black "Mazur, Stefan"]
[Result "0-1"]
[ECO "C28"]
[WhiteElo "2348"]
[BlackElo "2423"]
[Annotator "TA"]
[PlyCount "80"]
[EventDate "2022.05.18"]
[EventType "tourn"]
[EventCountry "HUN"]
[SourceTitle "playchess.com"]
[Source "ChessBase"]
[SourceQuality "1"]
[TimeControl "5400+30"]

1. e4 e5 2. Bc4 Nf6 3. Nc3 Nc6 4. d3 Na5 5. Nge2 Nxc4 6. dxc4 d6 7. O-O Be6 8. b3 {[%emt 0:00:46] C28: Vienna Game: 2...Nf6 3 Bc4 Nc6.} g6 9. f4 exf4 10. Bxf4 {[%emt 0:07:49] White has an edge.} Bg7 11. Qd2 {[%emt 0:05:41] [#]} Ng4 $146 {[%emt 0:01:27] Inhibits Bh6.} ({Predecessor:} 11... h6 12. Nd4 Qd7 13. e5 Nh5 14. exd6 Nxf4 15. Qxf4 cxd6 16. Rad1 O-O 17. Ne4 Bg4 {0-1 (33) Arapovic,V (2380)-Psakhis,L (2500) Sarajevo 1981}) 12. h3 Ne5 13. Bh6 (13. Rad1 {looks sharper.} O-O 14. Bh6 Bxh6 15. Qxh6 Qe7 16. Nd4) 13... O-O 14. Bxg7 Kxg7 15. Nf4 Qd7 16. Rae1 f6 17. a4 Bg8 18. Rf2 Rae8 19. Ref1 Qd8 20. Qd4 Nc6 (20... a5 $11) 21. Qd2 (21. Qe3 $16) 21... Be6 (21... Ne5 $11 {remains equal.}) 22. Ncd5 $16 Rf7 23. Qc3 (23. Qe3 $16) 23... Ne5 $14 24. Qg3 {[%emt 0:00:06][%cal Od5f6] [#] Strongly threatening Nxf6!} Kh8 25. Ne3 Bc8 26. Nfd5 Ref8 $1 27. Qh4 Kg7 28. Qg3 c6 29. Nf4 Kh8 $1 30. Rd1 Qe7 31. Nd3 f5 (31... Re8 $11) 32. exf5 $1 gxf5 {[%emt 0:00:43][%cal Bg6f5,Bf5f4][%mdl 32] [#] Threatens to win with ...Nxd3.} 33. Rdf1 (33. Nf1 $1 $16) 33... Rg7 $11 34. Qf4 Ng6 $1 $36 {[%emt 0:00:07][%mdl 2048] White is under pressure.} 35. Qh6 f4 36. Nd1 Qe4 (36... Bd7 $11) 37. Nc3 $14 Qe3 (37... Qe7 $1 $14) 38. Nd1 $2 (38. Ne2 $16 Rf6 39. Re1 (39. Ndxf4 Nxf4 40. Qxf6 Nxe2+ 41. Kh2 Ng3 $11)) 38... Qd4 $11 39. Kh1 Rgf7 40. Rf3 a5 {[%emt 0:01:20][%mdl 32768] Weighted Error Value: White=0.20 (precise) /Black=0.18 (very precise) . Loss on time!?} (40... b6 $15) 0-1

[Event "Vezerkepzo GM May 2022"]
[Site "Budapest"]
[Date "2022.05.20"]
[Round "3.1"]
[White "Mazur, Stefan"]
[Black "Turzo, Attila"]
[Result "1-0"]
[ECO "B56"]
[WhiteElo "2423"]
[BlackElo "2338"]
[Annotator "TA"]
[PlyCount "36"]
[EventDate "2022.05.18"]
[EventType "tourn"]
[EventCountry "HUN"]
[SourceTitle "playchess.com"]
[Source "ChessBase"]
[SourceQuality "1"]
[TimeControl "5400+30"]

1. e4 c5 2. Nf3 Nc6 3. d4 cxd4 4. Nxd4 Nf6 5. Nc3 d6 6. Nxc6 bxc6 7. e5 Nd7 {[%emt 0:07:04] B56: Classical Sicilian: Unusual Lines.} 8. exd6 exd6 9. Bf4 Nf6 {[%emt 0:02:41] [#]} 10. Bd3 $146 (10. Qd2 {is interesting.} d5 11. Bd3 Bd6 12. O-O) ({Predecessor:} 10. Bg5 d5 11. Bd3 Bb4 12. O-O O-O 13. h3 h6 14. Bh4 g5 15. Bg3 Bd6 16. Qd2 Nh5 17. Bxd6 Qxd6 18. Rfe1 Be6 19. Ne2 Rab8 20. c4 Qb4 21. Qxb4 Rxb4 22. cxd5 Bxd5 {0-1 (51) Romero,P-Rey,E Montevideo 2001}) 10... Be7 (10... d5 {feels hotter.} 11. O-O Bd6 12. Re1+ Be6) 11. O-O O-O 12. Ne2 d5 13. c4 Be6 14. Nd4 Qd7 (14... Bd7 $11 {remains equal.}) 15. Nxe6 {[%emt 0:09:42] White is more active.} (15. Rc1 $16) 15... fxe6 $11 16. Qe2 Bd6 17. Be5 Rae8 18. Rae1 Qc7 {[%emt 0:03:12] Weighted Error Value: White=0.12 (very precise) /Black=0.14 (very precise)} 1-0

[Event "Vezerkepzo GM May 2022"]
[Site "Budapest"]
[Date "2022.05.20"]
[Round "3.3"]
[White "Fule, Simon"]
[Black "Nagy, Gabor"]
[Result "0-1"]
[ECO "B09"]
[WhiteElo "2297"]
[BlackElo "2503"]
[Annotator "TA"]
[PlyCount "35"]
[EventDate "2022.05.18"]
[EventType "tourn"]
[EventCountry "HUN"]
[SourceTitle "playchess.com"]
[Source "ChessBase"]
[SourceQuality "1"]
[TimeControl "5400+30"]

1. e4 g6 2. d4 Bg7 3. Nc3 d6 4. f4 Nf6 5. Bd3 O-O 6. Nf3 Na6 7. O-O c5 8. d5 Rb8 9. Qe2 Nc7 10. a4 a6 11. a5 Bg4 12. h3 Bxf3 13. Qxf3 ({Much worse is} 13. Rxf3 e6 $11) 13... Nd7 {[%emt 0:00:36] B09: Pirc Defence: Austrian Attack.} 14. Nd1 e6 15. Ne3 exd5 {[%emt 0:04:40] [#]} 16. Nxd5 $146 (16. exd5 $16 Qe7 17. c3) ({Predecessor:} 16. exd5 f5 17. g4 fxg4 18. Qxg4 Qe7 19. c3 Rbe8 20. Ra4 Qf7 21. Qg2 b5 22. axb6 Nxb6 {0-1 (36) Vaisser,A (2556)-Hamdouchi,H (2627) Pau 2012}) 16... Nxd5 $11 17. exd5 Qc7 18. c3 {[%emt 0:08:59][%mdl 32768] Black took control after the opening.  Weighted Error Value: White=0.23 (precise) /Black=0.08 (flawless) . Loss on time!?} 0-1

[Event "Vezerkepzo GM May 2022"]
[Site "Budapest"]
[Date "2022.05.20"]
[Round "3.4"]
[White "Dudin, Gleb"]
[Black "Pacher, Milan"]
[Result "1-0"]
[ECO "D11"]
[WhiteElo "2473"]
[BlackElo "2394"]
[Annotator "TA"]
[PlyCount "39"]
[EventDate "2022.05.18"]
[EventType "tourn"]
[EventCountry "HUN"]
[SourceTitle "playchess.com"]
[Source "ChessBase"]
[SourceQuality "1"]
[TimeControl "5400+30"]

1. d4 d5 2. Nf3 Bf5 3. e3 e6 4. c4 c6 5. Nc3 Nd7 6. Be2 h6 {[%emt 0:01:00] D11: Slav Defence: 3 Nf3 sidelines and 3...Nf6 4 e3 Bg4.} 7. Bd3 Bxd3 8. Qxd3 Ngf6 {[%emt 0:00:05] The position is equal.} 9. O-O Bd6 10. e4 dxe4 11. Nxe4 Nxe4 12. Qxe4 O-O 13. Bd2 e5 {[%emt 0:09:00] [#]} 14. Qf5 $146 ({Predecessor:} 14. dxe5 Nxe5 15. Nxe5 Bxe5 16. Qxe5 Qxd2 17. Rfe1 Rad8 {½-½ (17) Oetting,H-Bec,D freechess.de 2016}) 14... exd4 15. Nxd4 Nb6 ({Don't take} 15... Qh4 16. Nf3 Qd8 17. Rad1 $16) 16. Nf3 {[%emt 0:08:48] c5 is the strong threat.} ({Reject} 16. Qg4 Be5 17. Bc3 h5 $15) 16... Nxc4 {[%emt 0:10:46] [#]} 17. Bxh6 gxh6 {[%emt 0:00:28] White is slightly better.} 18. Qg4+ Kh8 {[%emt 0:00:03] White must now prevent ...Ne5.} 19. Qxc4 {[%emt 0:00:31] aiming for Qd4+.} Qf6 20. Qb3 {[%emt 0:04:17] Weighted Error Value: White=0.03 (flawless) /Black=0.03 (flawless)} (20. g3 $5) 1-0

[Event "Vezerkepzo GM May 2022"]
[Site "Budapest"]
[Date "2022.05.20"]
[Round "3.5"]
[White "Berczes, David"]
[Black "Tancsa, Tamas"]
[Result "1-0"]
[ECO "E94"]
[WhiteElo "2437"]
[BlackElo "2091"]
[Annotator "TA"]
[PlyCount "34"]
[EventDate "2022.05.18"]
[EventType "tourn"]
[EventCountry "HUN"]
[SourceTitle "playchess.com"]
[Source "ChessBase"]
[SourceQuality "1"]
[TimeControl "5400+30"]

1. d4 Nf6 2. c4 d6 3. Nc3 Nbd7 4. e4 e5 5. Nf3 g6 6. Be2 Bg7 7. O-O O-O 8. Qc2 c6 9. Re1 Qe7 10. Be3 (10. d5 $1 $14) 10... h6 {[%emt 0:05:21] E94: King's Indian: Classical: 6 Be2 e5 7 0-0: Various Black 7th moves.} (10... exd4 $11 11. Nxd4 (11. Bxd4 b6 $11) 11... Re8) 11. h3 {[%emt 0:10:06] White is more active.} exd4 12. Bxd4 Nc5 {[%emt 0:00:56] White has an edge.} 13. Bf1 {[%emt 0:09:07] [#]} Nfd7 $146 ({Predecessor:} 13... Ne6 14. Be3 Nh5 15. Rad1 g5 16. Qd2 Be5 17. g3 Qf6 18. Bg2 Qg7 19. Qe2 Nf6 {0-1 (59) Leskiewicz,M (2175)-Pizzato,C (2180) Gold Coast 1996}) 14. Bxg7 Kxg7 15. Qd2 {[%emt 0:08:14] White is slightly better.} Ne5 16. Nh2 g5 $1 17. Rad1 Rd8 {[%emt 0:01:42] Weighted Error Value: White=0.15 (very precise) /Black=0.25 (precise)} 1-0

[Event "Vezerkepzo GM May 2022"]
[Site "Budapest"]
[Date "2022.05.20"]
[Round "4.3"]
[White "Nagy, Gabor"]
[Black "Dudin, Gleb"]
[Result "1/2-1/2"]
[ECO "A20"]
[WhiteElo "2503"]
[BlackElo "2473"]
[Annotator "TA"]
[PlyCount "59"]
[EventDate "2022.05.18"]
[EventType "tourn"]
[EventCountry "HUN"]
[SourceTitle "playchess.com"]
[Source "ChessBase"]
[SourceQuality "1"]
[TimeControl "5400+30"]

1. c4 e5 2. g3 Nf6 3. Bg2 d5 4. cxd5 Nxd5 5. Nf3 Nc6 6. O-O Nb6 7. b3 {[%emt 0:00:25] A20: English Opening: 1...e5.} f6 {[%emt 0:02:51] 7...Be6 is becoming the main line.} 8. Bb2 Be6 9. Nc3 (9. d4 $5 ) 9... Qd7 10. Rc1 O-O-O 11. Qc2 Kb8 12. Rfd1 {[%emt 0:01:18] [#]} Qc8 $146 ({Predecessor:} 12... Nd4 13. Nxd4 exd4 14. Ne4 d3 15. exd3 h5 16. h4 c6 17. Re1 Bh3 18. d4 Bxg2 19. Kxg2 {½-½ (31) Ding,L (2811)-Nepomniachtchi,I (2776) Chess.com INT 2019}) 13. Ne4 Bd5 14. Qb1 (14. d4 $5 ) 14... h5 15. h4 Be7 16. Nc5 Bxc5 17. Rxc5 Qg4 {[%emt 0:00:59] Inhibits e4.} 18. d3 Nd4 19. Bxd4 exd4 20. Rd2 (20. Qc1 $5 ) 20... g5 {[%emt 0:07:47] [#] White must now prevent ...gxh4.} 21. Qf1 {[%emt 0:01:13] Threatens to win with Bh3.} gxh4 22. Bh3 $1 Qg7 (22... Qg8 $5 23. Nxh4 Nd7 $11) 23. Nxh4 Rhg8 {[%emt 0:00:20] And now ...Qg5 would win.} 24. Rdc2 c6 25. Qc1 Qc7 {[%emt 0:02:55][%cal Og8g3] Against Qf4} 26. Kh2 Rg5 27. Qf4 Qxf4 28. gxf4 Rgg8 29. Nf5 Be6 30. Nh6 {[%emt 0:04:59][%csl LRe6,LRg8,LRh5] Weighted Error Value: White=0.04 (flawless) /Black=0.06 (flawless)} 1/2-1/2